 Dungeon Crawl Stone Soup version 0.27-a0-1182-gee19b5822f (webtiles) character file.

Game seed: 7634923613054151594

61 Delamore the Skirmisher (level 4, 0/29 HPs)
             Began as a Gargoyle Fighter on May 18, 2021.
             Slain by a gnoll
             ... wielding a +0 halberd
              (3 damage)
             ... on level 3 of the Dungeon.
             The game lasted 00:01:54 (2029 turns).

Delamore the Skirmisher (Gargoyle Fighter)          Turns: 2029, Time: 00:01:55

Health: 0/29       AC: 10    Str: 20    XL:     4   Next: 7%
Magic:  4/4        EV:  7    Int:  9    God:
Gold:   81         SH:  9    Dex:  9    Spells: 3/3 levels left

rFire    . . .     SeeInvis .   a - +0 flail
rCold    . . .     Faith    .   c - +0 kite shield
rNeg     + . .     Spirit   .   b - +0 scale mail
rPois    ∞         Reflect  .   (no helmet)
rElec    +         Harm     .   (no cloak)
rCorr    .         Rampage  .   (no gloves)
Will     .....                  (no boots)
Stlth    ..........             (no amulet)
HPRegen  0.09/turn              (no ring)
MPRegen  0.09/turn              (no ring)

@: no status effects
A: sickness immunity, AC +3, negative energy resistance 1, electricity
resistance, torment resistance 1, petrification resistance
a: no special abilities


You were on level 3 of the Dungeon.
You visited 1 branch of the dungeon, and saw 3 of its levels.

You collected 81 gold pieces.

Inventory:

Hand Weapons
 a - a +0 flail (weapon)
Armour
 b - a +0 scale mail (worn)
 c - a +0 kite shield (worn)
Scrolls
 e - a scroll of immolation {unknown}
 h - a scroll of identify {unknown}
Potions
 d - a potion of might
 f - a potion of heal wounds {unknown}
 g - a potion of degeneration {unknown}
 i - a potion of lignification {unknown}


   Skills:
 + Level 4.0 Fighting
 + Level 2.9 Maces & Flails
 - Level 3.2 Armour
 + Level 4.0 Shields


You had 3 spell levels left.
You didn't know any spells.
Your spell library was empty.

Dungeon Overview and Level Annotations

Branches:
Dungeon (3/15)

Altars:
The Shining One


Innate Abilities, Weirdness & Mutations

You are immune to sickness and miasma.
Your stone body is resilient. (AC +3)
You are immune to poison.
You resist negative energy. (rN+)
You are resistant to electric shocks. (rElec)
You are resistant to unholy torment.
You are immune to petrification.


Message History

You block the adder's attack.
You escape the ball python's grasp.
You block the adder's attack. The adder bites you.
You closely miss the adder.
The adder is severely wounded.
You block the ball python's attack. The ball python grabs you.
The ball python constricts you. You block the adder's attack.
The gnoll hits you from afar with a +0 halberd.
You closely miss the ball python. The adder bites you but does no damage.
You block the ball python's attack. The ball python constricts you.
The gnoll hits you from afar with a +0 halberd.
The adder bites you but does no damage. The ball python barely misses you.
The ball python constricts you.
You sock the ball python!
You kill the ball python!
The adder bites you but does no damage. The gnoll hits you but does no damage.
You block the adder's attack. The gnoll closely misses you.
You hit the adder.
You kill the adder!
The gnoll barely misses you.
Your Shields skill increases to level 4!
You have reached level 4!
You feel clever. The gnoll hits you but does no damage.
You see here a ball python corpse.
You completely miss the gnoll. You block the gnoll's attack.
You barely miss the gnoll. The gnoll hits you with a +0 halberd.
You block the gnoll's attack.
You hit the gnoll but do no damage. The gnoll hits you but does no damage.
You hit the gnoll.
The gnoll is lightly wounded.
The gnoll hits you with a +0 halberd!
* * * LOW HITPOINT WARNING * * *
You block the gnoll's attack.
You barely miss the gnoll.
The gnoll is lightly wounded.
The gnoll closely misses you. The gnoll closely misses you.
The gnoll hits you from afar with a +0 halberd.
You die...

#...# #.#.#
#.#.##########
#.#..........#
#.######.(.†.#
##.######.....#
#...#..).<....#
#.#.#####.....#
##@#.## #.....#
#..#..# ###...#
##g###.## #..##
###..#[#..# ...#
#...##.##...# ####
#....###...###..
....)......⌠...####.
###....###...###....
####...##.##...###


You could see a gnoll.

Vanquished Creatures
  2 adders
  A dart slug (D:2)
  7 bats
  2 endoplasms (D:1)
  2 giant cockroaches
  2 goblins (D:1)
  6 hobgoblins
  5 jackals
  A quokka (D:1)
  A ball python (D:3)
  6 frilled lizards
  A kobold (D:1)
  2 rats
38 creatures vanquished.

Notes
Turn   | Place    | Note
-------+----------+-------------------------------------------
     0 | D:1      | Delamore the Gargoyle Fighter began the quest for the Orb.
     0 | D:1      | Reached XP level 1. HP: 14/14 MP: 1/1
    52 | D:1      | Reached XP level 2. HP: 19/19 MP: 2/2
   843 | D:1      | Reached XP level 3. HP: 18/24 MP: 3/3
   982 | D:1      | Found a faded altar of an unknown god.
  1271 | D:2      | Found a glowing golden altar of the Shining One.
  2022 | D:3      | Reached XP level 4. HP: 17/29 MP: 4/4
  2029 | D:3      | Slain by a gnoll

Illustrated notes

Levels and vault maps discovered:
D:1:      dpeg_arrival_connections, layout_loops_cross, basic_ecumenical_altar,
          minmay_tetromino_l2
D:2:      layout_basic, basic_altar, patterned_corridor
D:3:      minmay_general_purpose_star, layout_rooms, fiery_altar_vehumet,
          lemuel_crystal_altar, serial_shops, shop, uniq_sigmund, uniq_natasha,
          uniq_terence

Skill      XL: |  1  2  3 |
---------------+----------+-----
Fighting       | 4 |  4.0
Shields        | 4 |  4.0
Maces & Flails | |  2.9
Armour         | |  3.2

Action                   |  1- 3 |  4- 6 || total
-------------------------+-------+-------++-------
Melee: Flail             |   169 |     5 ||   174
Armor: Scale mail        |    93 |     2 ||    95
Dodge: Dodged            |    66 |     2 ||    68
Block: Kite shield       |   115 |     3 ||   118

Table legend: (Time is in decaauts)
 A = Elapsed time spent in this place.
 B = Non-inter-level travel time spent in this place.
 C = Inter-level travel time spent in this place.
 D = Time resting spent in this place.
 E = Time spent auto-exploring this place.
 F = Levels seen in this place.
 G = Mean time per level.
                   A        B        C        D        E       F      G
               +--------+--------+--------+--------+--------+-----+--------+
         Total |   2116 |   2067 |     49 |      0 |   1708 |   3 |  705.3 |
       Dungeon |   2116 |   2067 |     49 |      0 |   1708 |   3 |  705.3 |
               +--------+--------+--------+--------+--------+-----+--------+

Top non-repeatable levels by time:
     D:1: 1267 daAuts
     D:2: 713 daAuts
     D:3: 135 daAuts
